 Dungeon Crawl Stone Soup version 0.18-a0-1745-gffa9a88 (webtiles) character file.

70 vortex the Magician (level 4, -2/25 HPs)
             Began as a Deep Elf Wizard on Apr 12, 2016.
             Slain by jestert79's ghost (12 damage)
             ... on level 3 of the Dungeon.
             The game lasted 00:07:33 (2838 turns).

vortex the Magician (Deep Elf Wizard)               Turns: 2838, Time: 00:07:34

Health: -2/25      AC:  2    Str:  4    XL:     4   Next: 4%
Magic:  2/12       EV: 12    Int: 24    God:
Gold:   158        SH:  0    Dex: 13    Spells: 5 memorised, 1 level left

rFire  . . .     SeeInvis .     e - +1 dagger (pain)
rCold  . . .     Gourm    .     a - +0 robe
rNeg   . . .     Faith    .     (no shield)
rPois  .         Spirit   .     b - +0 hat
rElec  .         Dismiss  .     (no cloak)
rCorr  .         Reflect  .     (no gloves)
SustAt .         Harm     .     (no boots)
MR     .....                    (no amulet)
Stlth  ++........               (no ring)
                                (no ring)

@: not resistant to hostile enchantments, unstealthy
A: no striking features
a: no special abilities


You were on level 3 of the Dungeon.
You were not hungry.

You visited 1 branch of the dungeon, and saw 3 of its levels.

You collected 158 gold pieces.

Inventory:

Hand Weapons
 e - a +1 dagger of pain (weapon)
Missiles
 f - 6 javelins (quivered)
Armour
 a - a +0 robe (worn)
 b - a +0 hat (worn)
 i - a +0 buckler
Scrolls
 n - 3 scrolls of remove curse
Potions
 k - a potion of resistance
 m - a potion of flight {unknown}
 o - a potion of curing {unknown}
 p - a potion of degeneration {unknown}
Books
 c - a book of Minor Magic

   Spells                             Type                      Level
   a - Magic Dart                     Conjuration                  1
   b - Blink                          Translocation                2
   c - Call Imp                       Summoning                    2
   d - Repel Missiles                 Charms/Air                   2
   e - Slow                           Hexes                        2
   f - Conjure Flame                  Conjuration/Fire             3
   g - Mephitic Cloud                 Conjuration/Poison/Air       3
 q - a book of the Tempests

   Spells                             Type                      Level
   a - Static Discharge               Conjuration/Air              3
   b - Lightning Bolt                 Conjuration/Air              5
   c - Fireball                       Conjuration/Fire             5
   d - Tornado                        Air                          9
   e - Shatter                        Earth                        9
Comestibles
 d - a bread ration
 l - a meat ration


   Skills:
 + Level 1.2 Fighting
 - Level 2.4 Dodging
 - Level 2.4 Stealth
 - Level 1.2 Shields
 + Level 4.9 Spellcasting
 * Level 2.2 Conjurations
   Level 1.1 Summonings
 - Level 1.1 Translocations
 * Level 1.0 Fire Magic


You had one spell level left.
You knew the following spells:

 Your Spells              Type           Power        Failure   Level  Hunger
a - Magic Dart            Conj           ###.         3%          1    None
b - Conjure Flame         Conj/Fire      ##......     17%         3    ##.....
m - Mephitic Cloud        Conj/Pois/Air  #.......     24%         3    ##.....
x - Blink                 Tloc           N/A          12%         2    None
y - Repel Missiles        Chrm/Air       #.....       14%         2    None


Dungeon Overview and Level Annotations

Branches:
Dungeon (3/15)

Altars:

Annotations:
D:3 Natasha; jestert79's ghost, amateur DsFi


Message History

Aim: jestert79's ghost (lightly damaged)
The magic dart hits jestert79's ghost.
Jestert79's ghost is lightly damaged.
Read which item? (? for menu, Esc to quit)
As you read the scroll labeled NOIMUG GODUAJ, it crumbles to dust.
It is a scroll of identify.
Identify which item? (\ to view known items) (? for menu, Esc to quit)
k - a potion of resistance Read which item? (? for menu, Esc to quit)
As you read the scroll labeled HAORPH UCHIKAC, it crumbles to dust.
You assume a fearsome visage.
Jestert79's ghost is unaffected.
It was a scroll of fear.
Jestert79's ghost hits you.
Read which item? (? for menu, Esc to quit)
As you read the scroll labeled ECHUAKHLIGAL, it crumbles to dust.
It is a scroll of recharging.
You aren't carrying any rechargeable items.
Jestert79's ghost misses you. Jestert79's ghost hits you!
Jestert79's ghost hits you!
You die...

#......# ...... .....
...### # .... #
########.# # #........#
######## #W######......#
##.....# #@# #.......#
##.....# #.# #.####...
##.....#########.# ###
.. ##...............#
##########.#####........
# #.# #.###.###
##########.# #.#
...........#####.#
#######...<.......


You could see jestert79's ghost.

Vanquished Creatures
  2 adders (D:2)
  2 dart slugs (D:1)
  3 giant geckos (D:1)
  An orc (D:3)
  3 bats
  7 goblins
  5 hobgoblins
  7 jackals
  2 quokkas
  3 kobolds (D:1)
  6 rats
41 creatures vanquished.

Notes
Turn   | Place    | Note
--------------------------------------------------------------
     0 | D:1      | vortex the Deep Elf Wizard began the quest for the Orb.
     0 | D:1      | Reached XP level 1. HP: 10/10 MP: 7/7
   365 | D:1      | Reached XP level 2. HP: 16/16 MP: 6/9
   369 | D:1      | Learned a level 2 spell: Blink
   372 | D:1      | Learned a level 2 spell: Repel Missiles
  1169 | D:2      | Reached XP level 3. HP: 14/20 MP: 8/11
  1174 | D:2      | Learned a level 3 spell: Conjure Flame
  1178 | D:2      | Learned a level 3 spell: Mephitic Cloud
  1211 | D:2      | Reached skill level 1 in Shields
  1310 | D:2      | Reached skill level 1 in Fighting
  2437 | D:3      | Reached skill level 1 in Fire Magic
  2633 | D:3      | Reached XP level 4. HP: 25/25 MP: 9/12
  2686 | D:3      | Noticed jestert79's ghost (amateur DsFi)
  2698 | D:3      | Noticed Natasha
  2838 | D:3      | Slain by jestert79's ghost

Vault maps used:
D:1:      ncdulo_smallfort, serial_forest, infiniplex_forest_end_2,
          infiniplex_forest_corner_2, infiniplex_forest_lined_3,
          infiniplex_forest_lined_corner, infiniplex_forest_side_room,
          infiniplex_forest_straight_5, infiniplex_forest_straight_4,
          infiniplex_forest_diagonal, minmay_misc_feat_tower,
          hangedman_abyss_or_decor_lesser_grid
D:2:      minmay_misc_feat_tiny
D:3:      minivault_19, uniq_natasha

Skill      XL: |  1  2  3 |
---------------+----------+-----
Conjurations   | 2 |  2.2
Shields        | 1 |  1.2
Fighting       | 1 |  1.2
Fire Magic     | 1 |  1.0
Dodging        | |  2.4
Stealth        | |  2.4
Spellcasting   | |  4.9
Summonings     | |  1.1
Translocations | |  1.1

Action                   |  1- 3 |  4- 6 || total
-------------------------+-------+-------++-------
Melee: Unarmed           |     3 |       ||     3
       Dagger            |    12 |       ||    12
Throw: Javelin           |     2 |       ||     2
 Cast: Magic Dart        |    98 |    15 ||   113
       Conjure Flame     |     1 |     1 ||     2
       Blink             |     1 |       ||     1
  Use: Scroll            |     1 |     3 ||     4
       Potion            |     2 |       ||     2
  Eat: Chunk             |     5 |     1 ||     6
